 Dungeon Crawl Stone Soup version 0.28.0-53-g5a82cb258f (webtiles) character file.

Game seed: 6590801210516189935

9 fynax the Skirmisher (level 2, -2/19 HPs)
             Began as a Gargoyle Monk on July 12, 2022.
             Slain by a gnoll
             ... wielding a +0 whip
              (5 damage)
             ... on level 1 of the Dungeon.
             The game lasted 00:01:39 (410 turns).

fynax the Skirmisher (Gargoyle Monk)                 Turns: 410, Time: 00:01:39

Health: -2/19      AC:  4    Str: 14    XL:     2   Next: 16%
Magic:  2/2        EV: 12    Int: 10    God:
Gold:   0          SH:  0    Dex: 12    Spells: 1/1 levels left

rFire   . . .      SeeInvis .   a - +0 mace
rCold   . . .      Faith    .   (no shield)
rNeg    + . .      Spirit   .   b - +0 robe
rPois   ∞          Reflect  .   (no helmet)
rElec   +          Harm     .   (no cloak)
rCorr   .          Rampage  .   (no gloves)
Will    .....                   (no boots)
Stlth   ++........              (no amulet)
HPRegen 0.06/turn               (no ring)
MPRegen 0.08/turn               (no ring)

@: no status effects
A: sickness immunity, AC +2, negative energy resistance 1, electricity
resistance, torment resistance 1, petrification resistance
a: no special abilities


You were on level 1 of the Dungeon.
You visited 1 branch of the dungeon, and saw 1 of its levels.

Inventory:

Hand Weapons
 a - a +0 mace (weapon)
 d - a +0 short sword
Armour
 b - a +0 robe (worn)
 e - a +0 scale mail
Jewellery
 f - a ring of flight
Potions
 c - a potion of heal wounds {unknown}


   Skills:
 + Level 3.4 Fighting
 + Level 3.2 Maces & Flails
 + Level 2.6 Dodging
 + Level 2.2 Stealth


You had one spell level left.
You didn't know any spells.
Your spell library was empty.

Dungeon Overview and Level Annotations

Branches:
Dungeon (1/15)

Altars:


Innate Abilities, Weirdness & Mutations

You are immune to sickness and miasma.
Your stone body is resilient. (AC +2)
You are immune to poison.
You resist negative energy. (rN+)
You are resistant to electric shocks. (rElec)
You are resistant to unholy torment.
You are immune to petrification.


Message History

You have reached level 2!
The gnoll hits you with a +0 whip.
A bat comes into view.
You barely miss the quokka.
The quokka bites you but does no damage.
The quokka closely misses you. The bat hits you but does no damage.
You hit the quokka.
The quokka is almost dead.
The bat misses you. The quokka bites you. x2
* * * LOW HITPOINT WARNING * * *
You hit the quokka.
You kill the quokka!
The bat misses you. The bat barely misses you. The bat misses you.
The kobold hits you but does no damage. The bat closely misses you.
The bat hits you.
* * * LOW HITPOINT WARNING * * *
The bat barely misses you.
The kobold hits you with a +0 short sword.
* * * LOW HITPOINT WARNING * * *
The bat closely misses you. The bat hits you but does no damage.
The bat hits you but does no damage.
The kobold throws a stone.
The stone closely misses you. The bat barely misses you.
You hit the bat.
You kill the bat!
You hit the kobold.
You kill the kobold!
The gnoll barely misses you.
You hit the gnoll.
The gnoll is moderately wounded.
The gnoll closely misses you.
You hit the gnoll but do no damage.
The gnoll is moderately wounded.
The gnoll barely misses you.
You hit the gnoll.
The gnoll is severely wounded.
The gnoll hits you with a +0 whip.
You die...

.#.....###
#.).#.......r##
#......8.#
#.....####.##
.........+ #...#.#
.##......+ #...#.#
.#.....8.# #...#.#
...#...### #...#.#
....##..# #...#.#
..#...#..########.).#>#
.#.... .........@g..###
###### #############


You could see a gnoll.

Vanquished Creatures
  A ball python (D:1)
  2 bats (D:1)
  A hobgoblin (D:1)
  A quokka (D:1)
  A frilled lizard (D:1)
  4 kobolds (D:1)
10 creatures vanquished.

Notes
Turn   | Place    | Note
-------+----------+-------------------------------------------
     0 | D:1      | fynax the Gargoyle Monk began the quest for the Orb.
     0 | D:1      | Reached XP level 1. HP: 14/14 MP: 1/1
   376 | D:1      | Found a faded altar of an unknown god.
   388 | D:1      | Reached XP level 2. HP: 11/19 MP: 2/2
   410 | D:1      | Slain by a gnoll

Illustrated notes

Levels and vault maps discovered:
D:1:      erik_arrival_cave_to_civilisation [erik_arrival_cave_to_temple],
          layout_basic, hellmonk_ecumenical_altar_pennies_from_heaven,
          lemuel_another_geyser

Action                   || total
-------------------------++-------
Melee: Mace              ||    25
Armor: Robe              ||    10
Dodge: Dodged            ||    28
